 Dungeon Crawl Stone Soup version 0.19-a0-944-gb338e1e (webtiles) character file.

1716261 Tomek the Executioner (level 25, 248/248 HPs)
             Began as a Minotaur Berserker on July 8, 2016.
             Was a High Priest of Trog.
             Escaped with the Orb
             ... and 3 runes on July 10, 2016!
             The game lasted 05:08:28 (63592 turns).

Tomek the Executioner (Minotaur Berserker)         Turns: 63592, Time: 05:08:29

Health: 248/248    AC: 46    Str: 22    XL:     25   Next: 66%
Magic:  32/32      EV: 22    Int:  4    God:    Trog [*****.]
Gold:   1011       SH:  0    Dex: 20    Spells: 0 memorised, 24 levels left

rFire  + . .     SeeInvis .     E - +9 executioner's axe (elec)
rCold  + . .     Gourm    .     R - +2 gold dragon armour
rNeg   . . .     Faith    .     (shield currently unavailable)
rPois  +         Spirit   .     v - +1 hat
rElec  .         Dismiss  .     S - +2 cloak
rCorr  .         Reflect  .     M - +2 pair of gloves
SustAt .         Harm     .     F - +1 pair of boots {Fly}
MR     +....                    n - amulet of regeneration
Stlth  ..........               a - ring of Robustness {AC+8}
                                k - +4 ring of evasion

@: flying, contaminated, hasted, glowing, drained, very quick, somewhat
resistant to hostile enchantments, extremely unstealthy
A: retaliatory headbutt, horns 2, weak 1
a: Berserk, Trog's Hand, Brothers in Arms, Burn Spellbooks, Renounce Religion,
Stop Flying
0: Orb of Zot
}: 3/15 runes: decaying, serpentine, slimy


You escaped.
You worshipped Trog.
Trog was extremely pleased with you.
You were not hungry.

You visited 9 branches of the dungeon, and saw 50 of its levels.
You visited the Abyss 1 time.
You visited 1 bazaar.
You also visited: Ice Cave and Wizlab.

You collected 6670 gold pieces.
You spent 5659 gold pieces at shops.

Inventory:

Hand Weapons
 b - a +2 war axe of flaming
 E - a +9 executioner's axe of electrocution (weapon)
 W - a +1 antimagic executioner's axe
Missiles
 Z - 3 throwing nets (quivered)
Armour
 v - a +1 hat (worn)
 F - a +1 pair of boots of flying (worn)
 M - a +2 pair of gloves (worn)
 R - a +2 gold dragon armour (worn)
 S - a +2 cloak (worn)
Rods
 q - a +0 rod of shadows (11/11)
   (You found it on level 1 of the Realm of Zot)
Jewellery
 a - the ring of Robustness (right hand) {AC+8}
   (You bought it in a shop on level 2 of the Vaults)

   [ring of protection]

   It affects your AC (+8).
 k - a +4 ring of evasion (left hand)
 m - an uncursed ring of positive energy
 n - an amulet of regeneration (around neck)
Wands
 c - a wand of hasting (4/9)
 g - a wand of iceblast (5/15)
 s - a wand of acid (5/15)
 y - a wand of disintegration (23/24)
 G - a wand of digging (12/24)
 O - a wand of hasting (3/9)
 U - a wand of heal wounds (6/9)
Scrolls
 p - a scroll of blinking
 t - 5 scrolls of fog
 A - 2 scrolls of fear
 H - 30 scrolls of remove curse
 I - 3 scrolls of holy word
 L - 3 scrolls of recharging
 P - a scroll of magic mapping
 V - 16 scrolls of teleportation
 X - 8 scrolls of identify
 Y - a scroll of silence
Potions
 d - a potion of brilliance
 e - 6 potions of agility
 f - 11 potions of curing
 h - 2 potions of haste
 j - a potion of magic
 l - 4 potions of cancellation
 o - 2 potions of heal wounds
 x - 2 potions of resistance
 B - 5 potions of invisibility
 N - 4 potions of might
Miscellaneous
 i - a disc of storms
 D - a sack of spiders
 J - a lamp of fire
 Q - a fan of gales
 T - a phantom mirror
Comestibles
 r - 3 bread rations
 z - 19 meat rations
 C - 18 fruits


   Skills:
 + Level 24.8(24.1) Fighting
 - Level 26.4(25.8) Axes
 - Level 23.1(22.5) Armour
 - Level 22.0(21.4) Dodging
 - Level 14.5(14.0) Evocations


You had 24 spell levels left.
You didn't know any spells.

Dungeon Overview and Level Annotations

Branches:
Dungeon (15/15)            Temple (0/1) D:5            Lair (6/6) D:10
  Swamp (4/4) Lair:4        Snake (4/4) Lair:4        Slime (5/5) Lair:5
    Orc (2/2) D:9             Elf (0/3) Orc:2        Vaults (4/5) D:13
  Crypt (0/3) Vaults:2     Depths (5/5) D:15            Zot (5/5) Depths:5

Altars:
Ashenzari
Dithmenos
Fedhas
Gozag
Makhleb
Nemelex Xobeh
Okawaru
Qazlal
Ru
Trog
Jiyva
Lugonu

Shops:
D:12 *   Orc:2 **=(   Snake:1 %   Snake:2 (   Vaults:1 ?[(:   Vaults:2 :[?==
Depths:3 ?}[*

Portals:
Hell: Lair:6 Depths:1 Depths:2 Depths:3 Depths:4 Depths:5
Abyss: Depths:3 Depths:4
Pandemonium: Depths:3 Depths:4
Ziggurat: Depths:5

Annotations:
Depths:1 2 exclusions
Depths:4 8 runed doors, exclusion: 6 doors
Zot:3 exclusion: upstairs
Zot:4 exclusion: upstairs
Zot:5 exclusion: 2 upstairs


Innate Abilities, Weirdness & Mutations

You reflexively headbutt those who attack you in melee.
You have a pair of horns on your head.
You are weak. (Str -2)


Message History

The hell hound closely misses you. You furiously retaliate!
You headbutt the hell hound.
You see here a hell hound corpse.
You hit the hell hound.
The hell hound is moderately wounded.
You slice the hell hound!!
You kill the hell hound!
Trog accepts your kill.
You hit the hell hound.
There is a sudden explosion of sparks!
The hell hound completely misses you. You furiously retaliate!
You headbutt the hell hound!
You kill the hell hound!
Trog accepts your kill. The hell hound bites you.
You chop the hell hound into pieces!!!
You kill the hell hound!
Trog accepts your kill.
Your surroundings suddenly seem different.
There is a staircase leading out of the dungeon here.
You have escaped!

#.#
#########.###.####..########.
#.###.....#
#........#..>......#.
..#.......#
#####.##.#...#####.#.
###.#.....#
#......#......##.#. #
#.......## #........#.##......
# ##.......#
#........#.#####.##
#..##.##.###########.#.......#
#..##........#....§..#########
#[.#####.##.##@..§§§.####
#........##.##>....§....#
#.#########.##.....#.##.#
###.#### #....#######.##.#
.......# #.....# #....##.#
.##.##.# #.....# #....##.#
.##.##.# #.....# #.##.##.#
.##..#.# #.....# #.......#
.###.#.# ####### ####.####


There were no monsters in sight!

Vanquished Creatures
  the Royal Jelly (Slime:5)
  10 orbs of fire (Zot:5)
  4 ancient liches
  A juggernaut (Depths:5)
  Bai Suzhen (Vaults:4)
  Xtahua (Vaults:3)
  the Lernaean hydra (Swamp:4)
  3 Killer Klowns
  2 curse toes
  4 golden dragons
  Jory (Vaults:4)
  Jorgrun (Snake:3)
  An electric golem (Zot:5)
  3 tentacled monstrosities
  3 liches
  24 Orb Guardians
  Asterion (Snake:4)
  5 sphinxes
  A quicksilver dragon (Depths:5)
  16 acid blobs
  A titan (Depths:3)
  2 ancient champions (WizLab)
  4 shadow dragons
  6 greater nagas
  3 thorn hunters
  4 storm dragons
  3 draconian monks
  3 tengu reavers
  8 fire giants
  4 draconian knights
  Wiglaf (Snake:4)
  6 vault wardens
  4 orc warlords
  7 azure jellies
  12 frost giants
  An iron dragon (Depths:3)
  A cacodemon (Abyss:4)
  3 draconian shifters
  A draconian zealot (Depths:5)
  The ghost of Arkorax the Imperceptible, an adept VSBe of Trog (Depths:1)
  3 draconian annihilators
  10 very ugly things
  10 ironheart preservers
  The ghost of removeelyvilon the Summoner, a journeyman DsSu of Sif Muna (D:14)
  A draconian caller (Depths:5)
  4 spriggan defenders
  A vampire knight (Depths:4)
  21 stone giants
  Nessos (D:13)
  5 purple draconians
  3 black draconians
  3 green draconians
  A dire elephant (Lair:6)
  2 mottled draconians
  5 white draconians
  A red draconian (Depths:5)
  A deep elf annihilator (Vaults:4)
  2 green deaths
  A yellow draconian (Zot:5)
  Erolcha (D:8)
  Josephine (Lair:4)
  2 merfolk impalers (Depths:1)
  4 deep elf death magi
  9 ettins
  15 fire dragons
  10 yaktaur captains
  3 death oozes (Slime:5)
  2 vault guards (Vaults:2)
  7 rakshasas
  21 naga warriors
  11 great orbs of eyes
  2 hell beasts
  27 hydras
  13 ice dragons
  13 ogre magi
  7 spriggan air magi
  A ghost crab (Swamp:4)
  13 centaur warriors
  20 anacondas
  3 alligators (Swamp:2)
  The ghost of Mulkerokala the Cleaver, a journeyman DsSk of Cheibriados (D:10)
  4 deep troll shamans
  7 tengu warriors
  A death yak (Lair:5)
  2 vampire magi
  4 death knights
  10 deep troll earth magi
  12 shock serpents
  An orc high priest (Depths:1)
  14 naga sharpshooters
  9 spriggan berserkers
  An iron troll (Orc:2)
  A sun demon (Depths:5)
  A fire crab (shapeshifter) (Vaults:3)
  A soul eater (Depths:1)
  8 deep elf knights
  2 shadow wraiths
  2 fire crabs
  8 salamander mystics
  12 skeletal warriors
  A death drake (shapeshifter) (Depths:4)
  2 hell knights
  4 unseen horrors
  3 shambling mangroves
  3 spriggan druids
  7 hill giants
  14 deep trolls
  2 giant orange brains (Depths:3)
  9 naga ritualists
  7 wizards
  A harpy (shapeshifter) (Depths:1)
  11 swamp dragons
  5 harpies
  8 deep elf archers
  4 lindwurms (Snake:4)
  18 deep elf magi
  Pikel (D:4)
  7 ironbrand convokers
  4 wolf spiders
  A tengu zombie (Depths:5)
  A necromancer (Vaults:1)
  16 orc knights
  A tengu skeleton (Vaults:1)
  An orb spider (Abyss:4)
  15 mana vipers
  2 orc sorcerers (Depths:1)
  24 salamanders
  14 cyclopes
  3 manticores
  5 shining eyes
  5 griffons
  48 ugly things
  7 hornets
  104 slime creatures
  8 moths of wrath
  The ghost of ontamu the Carver, a novice HESk of Okawaru (D:7)
  2 black mambas (shapeshifter)
  6 elephants
  2 guardian serpents (shapeshifter)
  A worldbinder (Abyss:4)
  3 centaur zombies
  A salamander (shapeshifter) (D:13)
  22 naga magi
  10 guardian serpents
  4 rust devils
  A smoke demon (D:6)
  An ice statue (IceCv)
  A water nymph (Abyss:4)
  3 gargoyles
  37 black mambas
  3 orange demons
  6 vault sentinels
  5 spectral swamp worms (Depths:2)
  2 torpor snails (Lair:5)
  A spiny frog (shapeshifter) (Vaults:4)
  An eye of devastation (Slime:5)
  4 kobold demonologists (D:15)
  24 spiny frogs
  14 komodo dragons
  An efreet (D:15)
  26 yaktaurs
  7 tengu conjurers
  2 yaktaurs (shapeshifter)
  An anaconda simulacrum (Abyss:4)
  3 freezing wraiths
  A rime drake (Lair:6)
  2 hellwings
  12 trolls
  3 ancient zymes (Abyss:4)
  2 red devils
  18 polar bears
  A queen bee (shapeshifter) (Vaults:3)
  3 meliai (D:15)
  A wind drake (Depths:1)
  Grinder (D:6)
  34 two-headed ogres
  6 giant leeches
  A blink frog (shapeshifter) (Vaults:1)
  8 bog bodies
  18 blink frogs
  16 boulder beetles
  A centaur simulacrum (D:14)
  9 large abominations
  16 water elementals
  7 air elementals (Depths:5)
  6 redbacks
  12 spriggans
  5 shadows
  5 vampires
  7 wraiths
  4 wyverns
  A spriggan simulacrum (Depths:5)
  5 basilisks
  A fire bat (Abyss:4)
  9 hill giant zombies (WizLab)
  70 yaks
  2 hippogriffs (shapeshifter) (Vaults:1)
  Grum (D:8)
  13 hippogriffs
  6 golden eyes
  3 hungry ghosts
  2 chaos spawn
  25 vampire mosquitoes
  Menkaure (D:7)
  2 mottled dragons
  8 wargs
  52 nagas
  A soldier ant (D:14)
  17 swamp worms
  12 insubstantial wisps
  19 water moccasins
  5 hell hounds (D:1)
  4 sky beasts
  16 swamp drakes
  8 porcupines
  39 orc warriors
  14 ice beasts
  A slave (D:4)
  19 wasps
  5 eyes of draining
  2 black bears
  59 ogres
  2 phantoms
  A necrophage (D:10)
  21 wolves
  30 centaurs
  4 boggarts (Depths:4)
  8 small abominations
  An elf simulacrum (Vaults:1)
  10 crocodiles
  4 big kobolds
  A human skeleton (Vaults:1)
  2 gnoll sergeants (D:9)
  18 giant frogs
  A glowing shapeshifter simulacrum (Vaults:2)
  2 wyvern skeletons
  7 troll zombies (WizLab)
  3 scorpions
  21 wights
  An electric eel (Orc:2)
  A vampire bat (Abyss:4)
  2 howler monkeys
  7 crimson imps
  2 quasits
  3 jellies
  15 starcursed masses (Abyss:4)
  11 hounds
  3 centaur skeletons
  15 orc priests
  4 giant frog skeletons
  19 orc wizards
  2 iron imps
  15 iguanas
  9 worker ants
  A worker ant (shapeshifter) (D:15)
  Natasha (thrice) (D:3)
  12 sheep
  6 ogre zombies (WizLab)
  2 worker ant zombies
  2 gnolls (D:9)
  27 river rats
  14 adders
  7 shadow imps
  An ufetubus (Abyss:4)
  An ooze (D:7)
  An adder zombie (D:9)
  2 worms
  A dart slug (D:2)
  7 giant geckos
  95 orcs
  9 bats
  5 goblins
  11 hobgoblins
  9 jackals
  7 quokkas
  A giant gecko zombie (D:6)
  4 giant newts
  A jackal skeleton (D:6)
  13 kobolds
  A quokka skeleton (D:7)
  5 rats
  3 briar patches
  A crawling corpse (Vaults:4)
  6 fungi
  5 plants
2211 creatures vanquished.

Vanquished Creatures (collateral kills)
  A quicksilver dragon (Depths:5)
  An ironheart preserver (Vaults:4)
  A stone giant (Depths:5)
  A fire dragon (Depths:5)
  A spriggan air mage (Depths:5)
  An anaconda (Snake:3)
  2 alligators (Swamp:4)
  A spriggan berserker (Depths:5)
  A shock serpent (Snake:4)
  2 naga sharpshooters (Snake:4)
  A naga ritualist (Snake:4)
  A giant orange brain (Depths:5)
  A mana viper (Snake:4)
  A large abomination (D:9)
  2 black mambas (Snake:4)
  A guardian serpent (Snake:4)
  3 orange demons (Lair:6)
  2 red devils (Lair:6)
  2 ice devils (Lair:6)
  A naga (Snake:4)
  A hell hound (Lair:6)
  2 small abominations (D:9)
30 creatures vanquished.

Vanquished Creatures (others)
  A yaktaur captain (Vaults:3)
  A hornet (Swamp:3)
  A wolf (IceCv)
  An orc (Orc:2)
  10 briar patches
  5 fungi
  6 plants (Lair:6)
  7 toadstools (Swamp:1)
32 creatures vanquished.

Grand Total: 2273 creatures vanquished

Notes
Turn   | Place    | Note
-------+----------+-------------------------------------------
     0 | D:1      | Tomek the Minotaur Berserker began the quest for the Orb.
     0 | D:1      | Reached XP level 1. HP: 19/19 MP: 0/0
    71 | D:1      | Reached skill level 4 in Axes
   232 | D:1      | Reached XP level 2. HP: 26/26 MP: 1/1
   726 | D:2      | Reached ** piety under Trog
   726 | D:2      | Reached skill level 5 in Axes
   784 | D:2      | Reached XP level 3. HP: 18/31 MP: 2/2
  1183 | D:3      | Noticed Natasha
  1192 | D:3      | Killed Natasha
  1192 | D:3      | Reached skill level 6 in Axes
  1192 | D:3      | Reached XP level 4. HP: 38/39 MP: 3/3
  1199 | D:3      | Found an opulent altar of Gozag.
  1242 | D:3      | Noticed Natasha
  1249 | D:3      | Killed Natasha
  1344 | D:3      | Noticed Natasha
  1352 | D:3      | Killed Natasha
  1387 | D:3      | Noticed a giant frog
  1389 | D:3      | Reached XP level 5. HP: 32/45 MP: 4/4
  1396 | D:3      | Reached skill level 7 in Axes
  1617 | D:4      | Noticed an ogre
  1622 | D:4      | Killed an ogre
  1622 | D:4      | Reached skill level 8 in Axes
  1622 | D:4      | Reached XP level 6. HP: 51/51 MP: 5/5
  1676 | D:4      | Reached *** piety under Trog
  1910 | D:4      | Reached skill level 9 in Axes
  1917 | D:4      | Noticed a slave
  1919 | D:4      | Noticed a slave
  1935 | D:4      | Noticed a slave
  1935 | D:4      | Noticed a slave
  1936 | D:4      | Noticed Pikel
  1945 | D:4      | Killed a slave
  1947 | D:4      | Killed Pikel
  1947 | D:4      | Reached skill level 11 in Axes
  1947 | D:4      | Reached XP level 7. HP: 55/57 MP: 6/6
  2154 | D:4      | Found an iron altar of Okawaru.
  2301 | D:4      | Reached XP level 8. HP: 64/64 MP: 7/7
  2478 | D:5      | Entered Level 5 of the Dungeon
  2481 | D:5      | Found a staircase to the Ecumenical Temple.
  2687 | D:5      | Reached skill level 12 in Axes
  3001 | D:5      | Found a stormy altar of Qazlal.
  3196 | D:5      | Reached skill level 13 in Axes
  3471 | D:6      | Noticed Grinder
  3473 | D:6      | Paralysed by Grinder for 6 turns
  3490 | D:6      | Killed Grinder
  3549 | D:6      | Reached XP level 9. HP: 70/70 MP: 8/8
  3651 | D:6      | Reached skill level 14 in Axes
  3972 | D:6      | Found a shattered altar of Ashenzari.
  3972 | D:6      | Found a blossoming altar of Fedhas.
  3980 | D:6      | Found a shadowy altar of Dithmenos.
  3980 | D:6      | Found a bloodstained altar of Trog.
  3991 | D:6      | Found a sacrificial altar of Ru.
  3999 | D:6      | Found a sparkling altar of Nemelex Xobeh.
  4211 | D:7      | Reached **** piety under Trog
  4367 | D:6      | Reached skill level 15 in Axes
  4831 | D:7      | Noticed ontamu's ghost (novice HESk)
  4836 | D:7      | Killed ontamu's ghost
  4891 | D:7      | Reached skill level 16 in Axes
  5065 | D:7      | Noticed Menkaure
  5232 | D:7      | Killed Menkaure
  5232 | D:7      | Reached XP level 10. HP: 79/79 MP: 9/9
  5395 | D:7      | Found a burning altar of Makhleb.
  5663 | D:8      | Noticed Erolcha
  5678 | D:8      | Killed Erolcha
  5678 | D:8      | Reached skill level 5 in Fighting
  5678 | D:8      | Reached skill level 5 in Armour
  5901 | D:8      | Noticed Grum
  5911 | D:8      | Killed Grum
  5937 | D:8      | Reached skill level 17 in Axes
  6207 | D:9      | Found a staircase to the Orcish Mines.
  6283 | D:9      | Reached ***** piety under Trog
  6708 | D:9      | Reached XP level 11. HP: 91/91 MP: 10/10
  6926 | D:9      | Noticed a wizard
  6939 | D:9      | Killed a wizard
  6948 | D:9      | Noticed a large abomination
  6948 | D:9      | Noticed a large abomination
  6960 | D:9      | Killed a large abomination
  6986 | D:9      | Killed a large abomination
  7400 | D:10     | Entered Level 10 of the Dungeon
  7407 | D:10     | Noticed a hill giant
  7418 | D:10     | Killed a hill giant
  7418 | D:10     | Reached skill level 18 in Axes
  7611 | D:10     | Noticed Mulkerokala's ghost (journeyman DsSk)
  7639 | D:10     | Killed Mulkerokala's ghost
  7743 | D:10     | Got a polished hand crossbow
  7744 | D:10     | Identified the +6 hand crossbow of the Lost Blessings {flame, rF+ Int+6 Dex+4} (You found it on level 10 of the Dungeon)
  7823 | D:10     | Found a staircase to the Lair.
  8491 | Lair:1   | Entered Level 1 of the Lair of Beasts
  9154 | Lair:2   | Identified Gokhihoh's Guide on Fetching Air
  9164 | Lair:2   | Noticed an eight-headed hydra
  9175 | Lair:2   | Killed a four-headed hydra
  9175 | Lair:2   | Reached XP level 12. HP: 62/103 MP: 11/11
  9271 | Lair:2   | Reached skill level 19 in Axes
 10384 | Lair:3   | Reached skill level 10 in Fighting
 10542 | Lair:3   | Received a gift from Trog
 10774 | Lair:3   | Reached skill level 10 in Armour
 11201 | Lair:4   | Noticed a seven-headed hydra
 11211 | Lair:4   | Killed a four-headed hydra
 11432 | Lair:4   | Noticed Josephine
 11444 | Lair:4   | Killed Josephine
 11447 | Lair:4   | Reached skill level 20 in Axes
 11689 | Lair:4   | Got a bound granite ring
 11691 | Lair:4   | Identified the ring "Boni" {Slay+3 Stlth+} (You found it on level 4 of the Lair of Beasts)
 11739 | Lair:4   | Found a staircase to the Swamp.
 11790 | Lair:4   | Found a staircase to the Snake Pit.
 12232 | Lair:5   | Reached XP level 13. HP: 106/115 MP: 12/12
 12244 | Lair:5   | Found a viscous altar of Jiyva.
 12244 | Lair:5   | Found a staircase to the Slime Pits.
 12622 | Lair:5   | Received a gift from Trog
 13251 | Lair:6   | Entered Level 6 of the Lair of Beasts
 14016 | Lair:6   | Reached skill level 21 in Axes
 14227 | Lair:6   | Noticed a dire elephant
 14354 | Lair:6   | Killed a dire elephant
 14699 | Lair:6   | Identified a scroll of acquirement
 14914 | Lair:6   | Reached XP level 14. HP: 125/125 MP: 13/13
 14917 | Lair:6   | Found a burning altar of Makhleb.
 14924 | Lair:6   | Reached skill level 5 in Dodging
 14933 | Lair:6   | Found a gateway to Hell.
 14941 | Lair:6   | Got a steaming iron ring
 14943 | Lair:6   | Identified the ring of Understanding {+Fly Int+3 Stlth+} (You found it on level 6 of the Lair of Beasts)
 15089 | Lair:6   | Received a gift from Trog
 16271 | D:12     | Reached skill level 22 in Axes
 16443 | D:12     | Got a pair of crude boots
 16454 | D:12     | Identified the -1 pair of boots of Jigsaw {rF+ Dex+2} (You found it on level 12 of the Dungeon)
 16544 | D:12     | Found Neleeb's Assorted Antiques.
 16571 | D:12     | Bought a scroll labeled YWNIRH QIGE for 33 gold pieces
 17267 | D:12     | Reached ****** piety under Trog
 17482 | D:13     | Found a frozen archway.
 17519 | IceCv    | Entered an ice cave
 17657 | IceCv    | Identified Lom Lobon's Reference Book on Attacks
 17725 | IceCv    | Received a gift from Trog
 18511 | IceCv    | Noticed a frost giant
 18540 | IceCv    | Killed a frost giant
 18540 | IceCv    | Reached XP level 15. HP: 100/131 MP: 14/14
 19014 | D:13     | Found a gate to the Vaults.
 19165 | D:13     | Noticed Nessos
 19176 | D:13     | Killed Nessos
 19241 | D:13     | Received a gift from Trog
 19867 | D:14     | Reached skill level 10 in Dodging
 20335 | D:14     | Noticed removeelyvilon's ghost (journeyman DsSu)
 20365 | D:14     | Killed removeelyvilon's ghost
 20839 | D:15     | Entered Level 15 of the Dungeon
 21006 | D:15     | Received a gift from Trog
 21626 | D:15     | Found a gateway to a bazaar.
 21635 | Bazaar   | Entered a bazaar
 21665 | Bazaar   | Found Asesei's Assorted Antiques.
 21665 | Bazaar   | Found Jihiat's Assorted Antiques.
 21675 | Bazaar   | Bought a scroll of identify for 48 gold pieces
 21675 | Bazaar   | Bought a scroll of recharging for 228 gold pieces
 21686 | Bazaar   | Found Diddai's Book Shoppe.
 21699 | Bazaar   | Found Jaraerr's Gadget Shoppe.
 22239 | D:15     | Found a staircase to the Depths.
 22242 | D:15     | Reached skill level 23 in Axes
 22337 | Depths:1 | Entered Level 1 of the Depths
 22730 | Swamp:1  | Entered Level 1 of the Swamp
 22973 | Swamp:1  | Noticed a thorn hunter
 23013 | Swamp:1  | Killed a thorn hunter
 23013 | Swamp:1  | Reached skill level 15 in Armour
 23487 | Lair:4   | Upgraded the game from 0.19-a0-939-g86877d0 to 0.19-a0-944-gb338e1e
 23645 | Orc:1    | Entered Level 1 of the Orcish Mines
 23646 | Orc:1    | Found a bloodstained altar of Trog.
 23776 | Orc:1    | Noticed an orc warlord
 23792 | Orc:1    | Received a gift from Trog
 23797 | Orc:1    | Killed an orc warlord
 23948 | Orc:1    | Reached XP level 16. HP: 139/139 MP: 15/15
 24057 | Orc:2    | Entered Level 2 of the Orcish Mines
 24679 | Orc:2    | Found a staircase to the Elven Halls.
 24735 | Orc:2    | Received a gift from Trog
 24772 | Orc:2    | Found Veaclu Qito's General Store.
 24773 | Orc:2    | Found Fuoneis's Assorted Antiques.
 24779 | Orc:2    | Found Puda's Jewellery Emporium.
 24898 | Orc:2    | Found Qoafan's Antique Weapon Boutique.
 25961 | Swamp:1  | Got a slimy lapis lazuli ring
 26916 | Swamp:2  | Identified the ring of Omax {SustAt *Confuse rC+ rN+} (You found it on level 1 of the Swamp)
 26993 | Swamp:2  | Received a gift from Trog
 27167 | Swamp:2  | Noticed a thorn hunter
 27196 | Swamp:2  | Killed a thorn hunter
 28654 | Swamp:4  | Entered Level 4 of the Swamp
 28973 | Swamp:4  | Reached XP level 17. HP: 67/146 MP: 16/16
 29290 | Swamp:3  | Reached skill level 15 in Dodging
 30256 | Swamp:4  | Noticed the 27-headed Lernaean hydra
 30268 | Swamp:4  | Reached skill level 24 in Axes
 30785 | Swamp:4  | Got a decaying rune of Zot
 30907 | Swamp:4  | Killed the 22-headed Lernaean hydra
 31115 | Swamp:3  | Received a gift from Trog
 31270 | Snake:1  | Entered Level 1 of the Snake Pit
 31917 | Snake:1  | Found Jur Secs's Food Shop.
 32182 | Snake:1  | Received a gift from Trog
 32611 | Snake:2  | Found Eson's Antique Weapon Boutique.
 34017 | Snake:2  | Received a gift from Trog
 34142 | Snake:2  | Reached XP level 18. HP: 157/157 MP: 17/17
 34945 | Snake:3  | Noticed Jorgrun
 34969 | Snake:3  | Killed Jorgrun
 35412 | Snake:3  | Reached skill level 25 in Axes
 35560 | Snake:3  | Received a gift from Trog
 35733 | Snake:4  | Entered Level 4 of the Snake Pit
 36119 | Snake:4  | Noticed Wiglaf
 36128 | Snake:4  | Killed Wiglaf
 36849 | Snake:4  | Received a gift from Trog
 36961 | Snake:4  | Noticed Asterion
 36976 | Snake:4  | Killed Asterion
 37247 | Snake:4  | Received a gift from Trog
 37592 | Snake:4  | Reached XP level 19. HP: 114/168 MP: 8/18
 38170 | Snake:4  | Got a serpentine rune of Zot
 38934 | Depths:1 | Noticed Arkorax's ghost (adept VSBe)
 38946 | Depths:1 | Killed Arkorax's ghost
 39134 | Depths:1 | Received a gift from Trog
 39662 | Depths:1 | Reached skill level 26 in Axes
 39781 | Depths:1 | Cast into level 4 of the Abyss (a lich)
 40119 | Depths:1 | Escaped the Abyss
 40126 | Depths:1 | Reached skill level 15 in Fighting
 40956 | Depths:2 | Received a gift from Trog
 42515 | Depths:2 | Reached XP level 20. HP: 177/180 MP: 19/19
 42612 | Depths:2 | Received a gift from Trog
 42760 | Depths:3 | Found Vuirgh's Antique Armour Emporium.
 42764 | Depths:3 | Found Tyijusaj's Gadget Boutique.
 42940 | Depths:3 | Bought an embroidered cloak for 171 gold pieces
 43144 | Depths:3 | Found Jeoz Piyfy's Magic Scroll Boutique.
 43148 | Depths:3 | Found a corrupted altar of Lugonu.
 43148 | Depths:3 | Found a one-way gate to the infinite horrors of the Abyss.
 43152 | Depths:3 | Bought a scroll of teleportation for 54 gold pieces
 43172 | Depths:3 | Received a gift from Trog
 43332 | Depths:3 | Found Joafesala's General Store.
 43376 | Depths:3 | Found a one-way gate leading to the halls of Pandemonium.
 44348 | Depths:3 | Paralysed by a sphinx for 7 turns
 44418 | Depths:3 | Received a gift from Trog
 44740 | Depths:4 | Paralysed by a sphinx for 5 turns
 44847 | Depths:4 | Found a large runed door.
 44847 | Depths:4 | Found a large runed door.
 44931 | Depths:4 | Found a magical portal.
 44938 | WizLab   | Entered Zonguldrok's Shrine
 45371 | WizLab   | Noticed an antique lich
 45377 | WizLab   | Killed an antique lich
 45950 | Depths:4 | Found a runed gate.
 45950 | Depths:4 | Found a runed gate.
 45950 | Depths:4 | Found a runed gate.
 45958 | Depths:4 | Reached XP level 21. HP: 149/195 MP: 20/20
 46297 | Depths:4 | Noticed a golden dragon
 46319 | Depths:4 | Killed a golden dragon
 46417 | Depths:4 | Found a runed gate.
 46417 | Depths:4 | Found a runed gate.
 46417 | Depths:4 | Found a runed gate.
 47168 | Orc:2    | Received a gift from Trog
 47183 | Orc:2    | Bought the ring "Qyck" {rCorr rC+ Dex+4 SInv} for 559 gold pieces
 47339 | Vaults:1 | Entered Level 1 of the Vaults
 47868 | Vaults:1 | Found Ryhuckad's Antique Armour Shop.
 47882 | Vaults:1 | Bought a pair of runed boots for 121 gold pieces
 47899 | Vaults:1 | Found Quek's Weapon Emporium.
 48093 | Vaults:1 | Found Zoibi's Book Shop.
 48329 | Vaults:1 | Found Ajuacen's Magic Scroll Boutique.
 48333 | Vaults:1 | Bought a scroll of enchant armour for 127 gold pieces
 49267 | Vaults:2 | Found Kahuc's Jewellery Shop.
 49268 | Vaults:2 | Found Zoeben's Jewellery Boutique.
 49372 | Vaults:2 | Found Viovaeta's Magic Scroll Shoppe.
 49378 | Vaults:2 | Bought a scroll of enchant weapon for 165 gold pieces
 49378 | Vaults:2 | Bought a scroll of acquirement for 1144 gold pieces
 49378 | Vaults:2 | Bought a scroll of enchant armour for 165 gold pieces
 49925 | Vaults:2 | Found Vuplel Wuo's Book Boutique.
 49936 | Vaults:2 | Received a gift from Trog
 50017 | Vaults:2 | Found a staircase to the Crypt.
 50605 | Vaults:2 | Found Bailuthru's Armour Emporium.
 50977 | Vaults:3 | Received a gift from Trog
 51104 | Vaults:3 | Reached XP level 22. HP: 190/211 MP: 21/21
 51308 | Vaults:3 | Noticed Xtahua
 51317 | Vaults:3 | Killed Xtahua
 51394 | Vaults:3 | Received a gift from Trog
 52022 | Vaults:3 | Reached skill level 1 in Evocations
 52285 | Vaults:4 | Received a gift from Trog
 52553 | Vaults:4 | Noticed Jory
 52567 | Vaults:4 | Killed Jory
 53096 | Vaults:4 | Got a sparkling golden ring
 53098 | Vaults:4 | Identified the ring "Zurhuux" {rC- Dex+8 Stlth+} (You acquired it on level 4 of the Vaults)
 53257 | Vaults:4 | Received a gift from Trog
 53258 | Vaults:4 | Reached skill level 5 in Evocations
 53484 | Vaults:4 | Noticed Bai Suzhen
 53557 | Vaults:4 | Killed Bai Suzhen
 54454 | Slime:1  | Entered Level 1 of the Pits of Slime
 54826 | Slime:2  | Gained mutation: You are clumsy. (Dex -2) [a shining eye]
 54984 | Slime:4  | Received a gift from Trog
 55108 | Slime:3  | Gained mutation: You are weak. (Str -2) [a shining eye]
 55123 | Slime:3  | Gained mutation: You are occasionally teleported next to monsters. [a shining eye]
 55126 | Slime:3  | Gained mutation: Armour fits poorly on your strangely shaped body. [a shining eye]
 55133 | Slime:3  | Gained mutation: You are somewhat resistant to further mutation. [a shining eye]
 55316 | Slime:5  | Entered Level 5 of the Pits of Slime
 55349 | Slime:5  | Reached XP level 23. HP: 211/222 MP: 28/28
 55444 | Slime:5  | Gained mutation: Your magical capacity is low. (-10% MP) [a shining eye]
 55733 | Slime:5  | Noticed the Royal Jelly
 56480 | Slime:4  | Received a gift from Trog
 56532 | Slime:5  | Found a viscous altar of Jiyva.
 56646 | Slime:5  | Killed the Royal Jelly
 56757 | Slime:5  | Got a slimy rune of Zot
 57085 | Snake:2  | Lost mutation: Your magical capacity is low. (-10% MP) [potion of cure mutation]
 57085 | Snake:2  | Lost mutation: You are occasionally teleported next to monsters. [potion of cure mutation]
 57085 | Snake:2  | Lost mutation: You are weak. (Str -2) [potion of cure mutation]
 57085 | Snake:2  | Lost mutation: Armour fits poorly on your strangely shaped body. [potion of cure mutation]
 57405 | Vaults:2 | Bought an uncursed amulet of regeneration for 540 gold pieces
 57405 | Vaults:2 | Bought the ring of Robustness {AC+8} for 2304 gold pieces
 57747 | Depths:5 | Entered Level 5 of the Depths
 57816 | Depths:5 | Reached skill level 10 in Evocations
 57885 | Depths:5 | Found a gateway to a ziggurat.
 58096 | Depths:5 | Received a gift from Trog
 58831 | Depths:5 | Got a warped cloak
 58842 | Depths:5 | Identified the -4 cloak "Epum" {rElec} (You found it on level 5 of the Depths)
 58901 | Depths:5 | Found a gate to the Realm of Zot.
 59277 | Depths:5 | Noticed a juggernaut
 59294 | Depths:5 | Killed a juggernaut
 59294 | Depths:5 | Reached XP level 24. HP: 233/233 MP: 30/30
 59396 | Zot:1    | Entered Level 1 of the Realm of Zot
 59414 | Zot:1    | Received a gift from Trog
 59856 | Zot:1    | Identified a +0 rod of shadows (11/11) (You found it on level 1 of the Realm of Zot)
 60390 | Zot:5    | Entered Level 5 of the Realm of Zot
 60879 | Zot:5    | Noticed an ancient lich
 60887 | Zot:5    | Killed an ancient lich
 60901 | Zot:5    | Noticed an ancient lich
 60903 | Zot:5    | Killed an ancient lich
 60949 | Zot:5    | Noticed an orb of fire
 60971 | Zot:5    | Killed an orb of fire
 61292 | Zot:5    | Noticed an orb of fire
 61311 | Zot:5    | Gained mutation: You have supernaturally acute eyesight. (SInv) [an orb of fire]
 61319 | Zot:5    | Killed an orb of fire
 61367 | Zot:5    | Noticed an orb of fire
 61523 | Zot:5    | Killed an orb of fire
 61529 | Zot:5    | Noticed an ancient lich
 61536 | Zot:5    | Killed an ancient lich
 61587 | Zot:5    | Noticed an orb of fire
 61609 | Zot:5    | Killed an orb of fire
 61609 | Zot:5    | Reached XP level 25. HP: 243/243 MP: 32/32
 61686 | Zot:5    | Noticed an orb of fire
 61814 | Zot:5    | Killed an orb of fire
 61877 | Zot:5    | Noticed an orb of fire
 61891 | Zot:5    | Killed an orb of fire
 61973 | Zot:5    | Noticed an orb of fire
 62022 | Zot:5    | Killed an orb of fire
 62107 | Zot:5    | Noticed an orb of fire
 62126 | Zot:5    | Noticed an orb of fire
 62128 | Zot:5    | Killed an orb of fire
 62138 | Zot:5    | Gained mutation: You tend to lose your temper in combat. [an orb of fire]
 62411 | Zot:5    | Killed an orb of fire
 62469 | Zot:5    | Noticed an orb of fire
 62477 | Zot:5    | Killed an orb of fire
 62809 | Zot:5    | Received a gift from Trog
 62975 | Zot:5    | Got the Orb of Zot
 63078 | Zot:2    | Noticed Tys Qacvip the pandemonium lord
 63166 | Depths:2 | Lost mutation: You tend to lose your temper in combat. [potion of cure mutation]
 63166 | Depths:2 | Lost mutation: You are clumsy. (Dex -2) [potion of cure mutation]
 63166 | Depths:2 | Lost mutation: You have supernaturally acute eyesight. (SInv) [potion of cure mutation]
 63166 | Depths:2 | Lost mutation: You are somewhat resistant to further mutation. [potion of cure mutation]
 63230 | Depths:1 | Gained mutation: You are weak. (Str -2) [mutagenic glow]
 63592 | D:$      | Escaped with the Orb!

Vault maps used:
D:1:      dpeg_arrival_fog
D:3:      grunt_gozag_statues, first_bread, minmay_misc_feat_square,
          kennysheep_flooded_box, uniq_natasha
D:4:      okawaru_ov_weapons_minmay, uniq_pikel
D:5:      lemuel_coloured_pillars_altar, dk_vineyard_2,
          kennysheep_opposing_triangles
D:6:      minitemple, kennysheep_generic_room_3, uniq_grinder
D:7:      makhleb_heckhound_becter, uniq_menkaure
D:8:      uniq_erolcha, uniq_grum
D:9:      kennysheep_orc_monster_closet_entryway, the_bakery,
          minmay_crystal_room, nrook_mini_vaults, laboratory
D:10:     dpeg_oklobed_lair
D:11:     minmay_shrinking_squares
D:12:     serial_shops, shop_fountains, kennysheep_generic_room_9
D:13:     david_vaults_2, portal_ice_cave_entry_ice_beasts, uniq_nessos
D:14:     nrook_pool_corridor
D:15:     grunt_enter_depths_snipers, serial_shops, bzr_entry_lakeside,
          nicolae_water_bricks
Lair:1:   st_stairs_9
Lair:2:   grunt_megastairs_1
Lair:3:   serial_bayou_shore_b, grunt_megastairs_4
Lair:4:   swamp_mist, minmay_snake_entry_guardpost_medium, uniq_josephine
Lair:5:   slime_altar_1, serial_bayou_shore_a, grunt_megastairs_3
Lair:6:   evil_forest, hangedman_lair_generics_rect
Swamp:1:  cheibrodos_swamp_tower_of_moss,
          nicolae_swamp_feature_on_the_river_bank
Swamp:2:  evilmike_swamp_ruin_rubble_2, swamp_pool1, grunt_witch_cave
Swamp:3:  evilmike_swamp_ruin_house_4
Swamp:4:  swamp_old_school, infiniplex_staircase_pool_2
Snake:1:  serial_shops, nicolae_shop_trees, fake_guardian_serpent_vault
Snake:2:  minmay_snake_river, serial_shops, nicolae_shop_overgrown_old_shop,
          basic_loot_grate_trap
Snake:3:  grunt_ministairs_10, uniq_jorgrun, uniq_aizul
Snake:4:  snake_pit_salamanders_mu, uniq_asterion, uniq_wiglaf
Slime:1:  basic_altar
Slime:4:  basic_altar
Orc:1:    bloody_trog
Orc:2:    st_orc_open, nooodl_orcs_dogs
Vaults:1: nicolae_vaults_fighting_squares, vaults_dpeg_encased_lava,
          nicolae_vaults_network_square, hangedman_vaults_river_flow,
          grunt_vaults_focal, nicolae_vaults_mini_display_case,
          nicolae_vaults_little_squares_4, vaults_standard_mumra_x,
          ontoclasm_vaults_ligature, v_alt_pattern_1, v_misc_11,
          nicolae_vaults_network_quinsquares, ontoclasm_vaults_fault,
          nicolae_vaults_diagonal_hallway_8, v_misc_14, serial_shops,
          shop_statue, shop, shop, shop
Vaults:2: ontoclasm_vaults_pinch, ontoclasm_vaults_tryst,
          vaults_mumra_minichess, blue_anna_dwarven_crypt, vaults_mumra_hex,
          vaults_dpeg_ring, vaults_room_semicircle, serial_shops,
          nicolae_shop_competitors_out_of_business, shop, shop, shop, shop
Vaults:3: v_rooms_6, ontoclasm_vaults_twist, v_misc_30, vaults_room_pool,
          nicolae_vaults_display_case, nicolae_vaults_big_angled_halls,
          hangedman_vaults_stretched_pinwheel, ontoclasm_vaults_ring_small,
          hangedman_vaults_nails, v_rooms_2,
          nicolae_vaults_windows_and_doors_thing, vaults_dpeg_diagonal,
          uniq_xtahua
Vaults:4: kb_rosetta, v_misc_8, ontoclasm_vaults_decontamination,
          ontoclasm_vaults_gateway, nicolae_vaults_sealed_display,
          v_alt_pattern_1, ontoclasm_vaults_spin, v_misc_11,
          vaults_standard_mumra_enter_the_diamond, hangedman_vaults_capsules,
          uniq_bai_suzhen, uniq_jory
Depths:1: kennysheep_boxes, hellmouth_1, minmay_orc_keep, firewood_loft,
          serial_bayou_shore_b
Depths:2: minmay_connected_triangles_in_corner, pf_hell_entry_tar_river,
          abandoned_shop, hangedman_stitches_earthworm
Depths:3: hangedman_cross_veins, rand_demon_pan_entry_1, hell_entry,
          minmay_crystal_water, abyss_entry_flame_altar, serial_shops,
          nicolae_shop_statue_plus, nicolae_shop_temple_entry_statues_fountains,
          shop, nicolae_shop_behind_doors, corexii_leaking_fountain,
          kennysheep_generic_room_2, minmay_staircase_windowed_large
Depths:4: kennysheep_treasure_stockpile, pan_entry, minmay_misc_feat_enclosed,
          abyss_entry, infiniplex_enter_wizlab_glasses, pf_coc_iceberg,
          hangedman_eye_storm
Depths:5: grunt_zot_entry_bicorn, enter_ziggurat_f, grunt_mini_vestibule,
          serial_sigils, serial_sigils_hangedman_gut,
          serial_sigils_hangedman_quiver, serial_sigils_hangedman_snap,
          serial_sigils_hangedman_clutch, serial_sigils_hangedman_scratch,
          kennysheep_doodads
Zot:1:    basic_altar, grunt_ministairs_14, hangedman_zot_gyre,
          st_small_dragon_hoard_2
Zot:2:    nicolae_zot_stationary_front, st_stairs_12
Zot:3:    hangedman_hellfire_club
Abyss:4:  evilmike_abyss_exit_7, grunt_abyss_rune_forest_and_sorcery
Bazaar:   bazaar_long_row
IceCv:    ice_cave_caverns_02
WizLab:   wizlab_zonguldrok

Skill      XL: |  1  2  3  4  5  6  7  8  9 10 11 12 13 14 15 16 17 18 19 20 21 22 23 24 25 |
---------------+----------------------------------------------------------------------------+-----
Axes           | 4 5 6 8 11 13 16 17 18 20 21 22 23 24 25 26 | 26.4
Fighting       | 4 6 9 11 12 13 14 15 18 20 21 22 23 24 | 24.8
Armour         | 3 6 8 10 12 13 15 16 17 18 19 20 21 22 23 | 23.1
Dodging        | 4 8 12 14 15 16 17 18 19 20 21 22 | 22.0
Evocations     | 8 11 13 14 | 14.5

Action                   |  1- 3 |  4- 6 |  7- 9 | 10-12 | 13-15 | 16-18 | 19-21 | 22-24 | 25-27 || total
-------------------------+-------+-------+-------+-------+-------+-------+-------+-------+-------++-------
Melee: Hand axe          |    91 |    64 |    30 |       |       |       |       |       |       ||   185
       Headbutt          |    13 |    16 |    41 |   146 |   321 |   370 |   417 |   344 |    42 ||  1710
       War axe           |       |       |   160 |   622 |   598 |   138 |     3 |       |       ||  1521
       Battleaxe         |       |       |       |       |   412 |       |       |       |       ||   412
       Executioner's axe |       |       |       |       |   198 |  1202 |  1411 |  1154 |   156 ||  4121
Throw: Javelin           |     2 |     2 |     2 |       |       |       |       |       |       ||     6
       Throwing net      |       |       |       |     1 |       |       |     1 |     1 |       ||     3
Invok: Berserk           |       |     4 |     3 |     2 |     5 |    12 |    12 |    13 |     7 ||    58
       Trog's Hand       |       |       |     1 |     6 |     5 |     8 |    12 |     9 |     1 ||    42
       Brothers in Arms  |       |       |       |     1 |     1 |     5 |     2 |     8 |     1 ||    18
       Burn Spellbooks   |       |       |       |       |     1 |     3 |     5 |     2 |       ||    11
Evoke: Wand              |       |       |       |       |     3 |     1 |     6 |     9 |    13 ||    32
  Use: Scroll            |       |       |     6 |    21 |     8 |    18 |     9 |    14 |    10 ||    86
       Potion            |       |       |       |       |     2 |     4 |     1 |     3 |     2 ||    12
 Stab: Distracted        |       |       |       |       |       |     2 |     1 |     1 |       ||     4
  Eat: Chunk             |     1 |     4 |    11 |    24 |    38 |    45 |    40 |    37 |     1 ||   201
       Pizza             |       |     1 |       |       |       |     3 |     1 |     1 |       ||     6
       Meat ration       |       |       |     1 |     1 |       |     1 |     1 |     1 |       ||     5
       Beef jerky        |       |       |       |     3 |       |     5 |     1 |     1 |       ||    10
       Bread ration      |       |       |       |       |     2 |     1 |     3 |     2 |     3 ||    11
       Fruit             |       |       |       |       |       |       |       |     5 |       ||     5
       Royal jelly       |       |       |       |       |       |       |       |       |     1 ||     1
Armor: Animal skin       |     9 |       |       |       |       |       |       |       |       ||     9
       Ring mail         |    22 |    17 |     1 |       |       |       |       |       |       ||    40
       Plate armour      |       |       |    73 |   256 |   649 |   250 |   368 |       |       ||  1596
       Swamp dragon armo |       |       |       |       |       |   266 |     8 |       |       ||   274
       Gold dragon armou |       |       |       |       |       |       |    98 |   541 |    50 ||   689
Dodge: Dodged            |    43 |    27 |    80 |   259 |   706 |  1356 |  1109 |   747 |    86 ||  4413
Block: Other             |       |       |       |     1 |    69 |    89 |    83 |    21 |       ||   263
       Reflection        |       |       |       |       |     5 |     5 |     5 |     2 |       ||    17
